 Dungeon Crawl Stone Soup version 0.26.1-11-gd32895ea62 (webtiles) character file.

Game seed: 3361629993723017185

260 Zeld the Digger (level 6, 0/35 HPs)
             Began as a Gargoyle Earth Elementalist on June 11, 2021.
             Shot with an arrow by a centaur (10 damage)
             ... on level 3 of the Dungeon.
             The game lasted 00:06:36 (6392 turns).

Zeld the Digger (Gargoyle Earth Elementalist)       Turns: 6392, Time: 00:06:36

Health: 0/35       AC:  7    Str: 12    XL:     6   Next: 17%
Magic:  2/10       EV: 12    Int: 17    God:
Gold:   119        SH:  0    Dex: 10    Spells: 0/10 levels left

rFire    . . .     SeeInvis .   (no weapon)
rCold    . . .     Faith    .   (no shield)
rNeg     + . .     Spirit   .   c - +0 robe
rPois    ∞         Reflect  .   l - +0 helmet
rElec    +         Harm     .   (no cloak)
rCorr    .         Rampage  .   (no gloves)
Will     .....                  (no boots)
Stlth    ++........             (no amulet)
HPRegen  0.11/turn              (no ring)
MPRegen  0.12/turn              (no ring)

@: no status effects
A: negative energy resistance 1, electricity resistance, unbreathing,
petrification resistance, miasma immunity, AC +4
a: no special abilities


You were on level 3 of the Dungeon.
You visited 1 branch of the dungeon, and saw 3 of its levels.

You collected 119 gold pieces.

Inventory:

Missiles
 q - 2 stones (quivered)
Armour
 c - a +0 robe (worn)
 l - a +0 helmet (worn)
Jewellery
 e - a +6 ring of intelligence {unknown}
Scrolls
 a - 4 scrolls of teleportation
 b - 2 scrolls of remove curse {unknown}
 d - 3 scrolls of identify {unknown}
 h - 2 scrolls of enchant armour {unknown}
 i - 2 scrolls of immolation {unknown}
 m - a scroll of enchant weapon {unknown}
Potions
 f - 2 potions of curing {unknown}
 g - a potion of ambrosia {unknown}
 j - 2 potions of flight {unknown}
 k - a potion of haste {unknown}
 n - 2 potions of brilliance {unknown}
 o - a potion of might {unknown}
 p - a potion of magic {unknown}
 r - a potion of heal wounds {unknown}


   Skills:
 + Level 2.3 Fighting
 + Level 2.5 Dodging
 + Level 3.6 Stealth
 + Level 2.9 Spellcasting
 + Level 2.0 Conjurations
 - Level 1.0 Transmutations
 + Level 4.6 Earth Magic


You couldn't memorise any spells.
You knew the following spells:

 Your Spells              Type           Power        Failure   Level
a - Sandblast             Erth           36%          2%          1
b - Passwall              Tmut/Erth      10%          9%          2
c - Stone Arrow           Conj/Erth      26%          13%         3
d - Petrify               Tmut/Erth      12%          50%         4

Your spell library contained the following spells:

 Spells                   Type           Power        Failure   Level
 Lee's Rapid Deconstruct  Erth           9%           56%         5


Dungeon Overview and Level Annotations

Branches:
Dungeon (3/15)

Altars:
Ashenzari
Ru
Yredelemnul


Innate Abilities, Weirdness & Mutations

You are resistant to torment.
Your stone body is resilient. (AC +4)
You are immune to poison.
You resist negative energy. (rN+)
You are resistant to electric shocks. (rElec)
You can survive without breathing.
You are immune to petrification.
You are immune to miasma.


Message History

The spell is quite dangerous to cast (13% risk of failure)!
Continue anyway? [Y]es or [N]o only, please.
The spell is quite dangerous to cast (13% risk of failure)!
Continue anyway?
Aiming: Stone Arrow (quite dangerous; 13% risk of failure)
Press: ? - help, Shift-Dir - straight line, f/p - centaur
Aim: a centaur, wielding a +0 shortbow and quivering 12 arrows (moderately wounded, 19% to evade)
The stone arrow hits the centaur!
The centaur is almost dead.
The centaur shoots an arrow.
The arrow misses you.
The centaur shoots an arrow.
The arrow misses you.
The centaur shoots an arrow.
The arrow completely misses you.
The centaur shoots an arrow.
The arrow hits you.
You see here 2 arrows.
Your magical contamination has completely faded away.
The centaur shoots an arrow.
The arrow hits you!
* * * LOW HITPOINT WARNING * * *
The centaur shoots an arrow.
The arrow barely misses you.
You see here 2 arrows.
The centaur shoots an arrow.
The arrow hits you!
You die...

#.............#....#()
#######..c<.c..#.........#).
#.........###((####.#.#..###
#...........#...............
#.........# #.#########.....
#.........# #.####......#...
..........# #.(..#..###.....
#.........######c#..# #..###
######.#..#@(....#..# #..###
...#..########.####.....
########...............#.#.
.........###.########......
##########†#
#.#########.#.#.
........##.#
#...............
#######....#
##########...### ####.#
##### #.# #####


You could see a centaur.

Vanquished Creatures
  An orc priest (D:3)
  An orc wizard (D:3)
  Terence (D:2)
  Robin (D:2)
  A gnoll (D:1)
  5 adders
  An adder skeleton (D:2)
  3 worms (D:2)
  A leopard gecko (D:2)
  8 orcs
  7 bats
  4 giant cockroaches (D:2)
  16 goblins
  12 hobgoblins
  5 jackals
  A ball python (D:1)
  4 frilled lizards
  12 kobolds
  6 rats
  A spectral orc (D:2)
91 creatures vanquished.

Vanquished Creatures (others)
  A plant (D:3)
1 creature vanquished.

Grand Total: 92 creatures vanquished

Notes
Turn   | Place    | Note
-------+----------+-------------------------------------------
     0 | D:1      | Zeld the Gargoyle Earth Elementalist began the quest for
                  | the Orb.
     0 | D:1      | Reached XP level 1. HP: 10/10 MP: 3/3
   307 | D:1      | Reached XP level 2. HP: 2/16 MP: 3/5
   308 | D:1      | Reached skill level 1 in Transmutations
   325 | D:1      | Learned a level 2 spell: Passwall
   786 | D:1      | Reached skill level 1 in Fighting
   786 | D:1      | Reached XP level 3. HP: 20/20 MP: 4/6
   788 | D:1      | Reached skill level 4 in Earth Magic
   794 | D:1      | Learned a level 3 spell: Stone Arrow
  1453 | D:2      | Noticed Robin
  1749 | D:2      | Killed Robin
  1750 | D:2      | Reached XP level 4. HP: 21/25 MP: 3/7
  2198 | D:2      | Reached skill level 1 in Conjurations
  2371 | D:2      | Found a basalt altar of Yredelemnul.
  2495 | D:2      | Noticed Terence
  2560 | D:2      | Killed Terence
  2561 | D:2      | Reached XP level 5. HP: 26/30 MP: 1/8
  2713 | D:2      | Found a sacrificial altar of Ru.
  3999 | D:3      | Found a broken altar of Ashenzari.
  5252 | D:3      | Reached XP level 6. HP: 28/35 MP: 10/10
  5257 | D:3      | Learned a level 4 spell: Petrify
  6392 | D:3      | Shot with an arrow by a centaur

Illustrated notes

Levels and vault maps discovered:
D:1:      minmay_arrival_four_loops, layout_loops_ring, minmay_indecisive_spiral
D:2:      layout_basic, yredelemnul_forgotten_temple_becter,
          lemuel_coloured_pillars_altar, minmay_pentomino_v2, uniq_terence,
          uniq_robin
D:3:      corexii_shack_village, layout_basic, lemuel_doored_altar,
          serial_co_window_serial, co_window_paths_b, co_window_cross_1,
          co_window_corner_a, co_window_of_opportunity_a, co_window_paths_b,
          co_window_corner_ca, co_window_corner_cb, co_window_2corner,
          co_window_unsneaky_path_a, co_window_paths_c, glass_columns_b,
          glass_columns_a, glass_columns_a, glass_columns_c,
          minmay_misc_feat_roman, feat_on_display

Skill      XL: |  1  2  3  4  5  6 |
---------------+-------------------+-----
Transmutations | 1 |  1.0
Fighting       | 1 2 |  2.3
Earth Magic    | 4 |  4.6
Dodging        | 2 |  2.5
Conjurations   | 1 2 |  2.0
Stealth        | 3 |  3.6
Spellcasting   | |  2.9

Action                   |  1- 3 |  4- 6 || total
-------------------------+-------+-------++-------
Melee: Unarmed           |    16 |   231 ||   247
 Cast: Sandblast         |    43 |    45 ||    88
       Stone Arrow       |       |    28 ||    28
       Passwall          |       |     1 ||     1
  Use: Scroll            |       |     1 ||     1
 Stab: Sleeping          |     1 |     4 ||     5
Armor: Robe              |    15 |    92 ||   107
Dodge: Dodged            |    42 |   181 ||   223
